 Dungeon Crawl Stone Soup version 0.18-a0-1267-gff090c1 (webtiles) character file.

3693 namelastname112 the Fighter (level 9, -6/124 HPs)
             Began as a Pale Draconian Wanderer on Feb 6, 2016.
             Was an Initiate of Gozag.
             Killed from afar by Erica (14 damage)
             ... with an orb of energy
             ... on level 8 of the Dungeon.
             The game lasted 00:14:13 (6386 turns).

namelastname112 the Fighter (DrWn)                  Turns: 6386, Time: 00:14:13

Health: -6/124     AC: 24    Str: 10 (13) XL:     9   Next: 90%
Magic:  9/9        EV:  2    Int: 13 (14) God:    Gozag
Gold:   327        SH:  0    Dex: 11 (14) Spells: 0 memorised, 8 levels left

rFire  . . .     SeeInvis .     (no weapon)
rCold  . . .     Gourm    .     (armour unavailable)
rNeg   + + +     Faith    .     (no shield)
rPois  +         Spirit   .     (helmet currently unavailable)
rElec  .         Dismiss  .     (cloak currently unavailable)
rCorr  .         Reflect  .     (gloves currently unavailable)
SustAt .         Harm     .     (boots currently unavailable)
MR     .....     NoTele   +     n - amulet of regeneration
Stlth  ++........               i - ring of positive energy
                                e - ring of teleportation

@: lethally poisoned (-6 -> -7), tree-form, not resistant to hostile
enchantments, unstealthy
A: (breathe steam), unfitting armour, (big wings), (cold-blooded), AC +7
a: Potion Petition, Call Merchant, Bribe Branch, Renounce Religion


You were on level 8 of the Dungeon.
You worshipped Gozag.
Gozag was noncommittal.
You were not hungry.
You were a tree.
You visited 2 branches of the dungeon, and saw 9 of its levels.

You collected 479 gold pieces.
You paid 152 gold pieces to Gozag.

Inventory:

Hand Weapons
 b - a +1 shortbow of venom
 z - the +7 dagger "Giarutef" {distort, *Rage MR+ Stlth+}
   (You found it on level 7 of the Dungeon)

   It warps and distorts space around it.
   Unwielding it can cause banishment or high damage.
   It affects your resistance to hostile enchantments.
   It may make you go berserk in combat.
   It makes you more stealthy.
Missiles
 c - 67 arrows
 l - 30 arrows of flame
Rods
 d - a +1 rod of inaccuracy (12/12)
   (You found it on level 3 of the Dungeon)
Jewellery
 e - a ring of teleportation (left branch)
 i - a ring of positive energy (right branch)
 n - an amulet of regeneration (around neck)
 p - an uncursed amulet of the gourmand
 q - an uncursed ring of resist corrosion
 u - the amulet of Ysucet {rC- MR++ Regen+ Stlth+}
   (You found it on level 4 of the Dungeon)

   [amulet of regeneration]

   It makes you vulnerable to cold.
   It affects your resistance to hostile enchantments.
   It increases your rate of regeneration.
   It makes you more stealthy.
Wands
 t - a wand of iceblast (0/15)
Scrolls
 g - 2 scrolls of remove curse
 j - a scroll of recharging {unknown}
 k - a scroll of immolation {unknown}
 m - a scroll of enchant weapon
 r - a scroll of torment {unknown}
 v - a scroll of enchant armour {unknown}
 x - a scroll of random uselessness {unknown}
 y - a scroll of amnesia
 A - a scroll of magic mapping
 D - a scroll of noise
 E - 3 scrolls of identify
Potions
 s - 2 potions of agility
 w - a potion of resistance
 H - a potion of brilliance
Books
 a - a book of Air

   Spells                             Type                      Level
   a - Shock                          Conjuration/Air              1
   b - Swiftness                      Charms/Air                   2
   c - Repel Missiles                 Charms/Air                   2
   d - Static Discharge               Conjuration/Air              3
   e - Lightning Bolt                 Conjuration/Air              5
Comestibles
 f - 7 bread rations
 B - a beef jerky


   Skills:
 + Level 9.1 Fighting
 * Level 9.0 Bows
 - Level 1.0 Throwing
 + Level 6.6 Dodging
 - Level 1.0 Stealth
   Level 3.2 Air Magic


You had 8 spell levels left.
You didn't know any spells.

Dungeon Overview and Level Annotations

Branches:
Dungeon (8/15)             Temple (1/1) D:5
   Lair: D:8-11

Altars:
Ashenzari
Dithmenos
Elyvilon
Fedhas
Gozag
Kikubaaqudgha
Makhleb
Nemelex Xobeh
Pakellas
Sif Muna
Trog
Vehumet
Xom
Yredelemnul
Zin
The Shining One
Jiyva

Shops:
D:4 %   D:6 }

Annotations:
D:8 Erica


Innate Abilities, Weirdness & Mutations

((You can breathe blasts of scalding, opaque steam.))
((Your pale cyan-grey scales are hard (AC +7).))
Your body does not fit into most forms of armour.
((You are cold-blooded and may be slowed by cold attacks.))
((Your large and strong wings let you fly indefinitely.))


Message History

The bolt of poison hits you!
You are poisoned.
* * * LOW HITPOINT WARNING * * *
Drink which item? (? for menu, Esc to quit)
You turn into a tree.
Your roots penetrate the ground.
You feel sick.
You hear some strange, mumbled words.
A bolt of poison appears from out of thin air!
The bolt of poison hits you! You resist.
* * * LOW HITPOINT WARNING * * *
Unknown command.
Wield which item (- for none, * to show all)? (? for menu, Esc to quit)
Your +1 shortbow of venom stops dripping with poison.
You are now empty-handed.
You hit something.
You feel sick. Something hits you but does no damage.
You smack something!
You feel sick.
You hear some strange, mumbled words.
An orb of energy appears from out of thin air!
The orb of energy hits you!
You die...
Your body crumbles into a pile of gold.

#{#.#.###.#.# #.#
#.#<......#.####.#
###.#########......#
#...................
#.#.################
#.#.# ######.#§#
#....[.#{#
#.######♣# #.#
####§# #.###.)§§#
#.....#### #.###.#
### ###


There were no monsters in sight!

Vanquished Creatures
  Psyche (D:7)
  A gargoyle (D:5)
  Grinder (D:3)
  2 humans (D:7)
  A hippogriff (D:8)
  The ghost of crawlian the Insei, an amateur TeMo (D:6)
  An orc warrior (D:8)
  An ice beast (D:7)
  3 ogres
  A phantom (D:7)
  A necrophage (D:7)
  A centaur (D:5)
  3 giant frogs (D:7)
  4 scorpions
  5 killer bees (D:5)
  3 wights (D:7)
  4 crimson imps
  4 hounds
  2 jellies
  An orc priest (D:7)
  A giant frog skeleton (D:6)
  5 worker ants
  2 orc wizards
  A sheep (D:7)
  A killer bee zombie (D:6)
  A hound zombie (D:8)
  3 gnolls (D:8)
  6 adders
  A shadow imp (D:6)
  3 oozes
  An adder skeleton (D:5)
  2 worms (D:2)
  6 giant geckos
  9 orcs
  8 bats
  6 giant cockroaches
  6 goblins
  6 hobgoblins
  2 jackals
  4 quokkas
  2 ball pythons
  A giant newt (D:1)
  8 kobolds
  6 rats
132 creatures vanquished.

Vanquished Creatures (others)
  An orc warrior (D:7)
  A quasit (D:7)
  A hound (D:7)
  An iguana (D:7)
  A sheep (D:7)
  3 orcs
  A plant (D:5)
9 creatures vanquished.

Grand Total: 141 creatures vanquished

Notes
Turn   | Place    | Note
--------------------------------------------------------------
     0 | D:1      | namelastname112 the Draconian Wanderer began the quest for the Orb.
     0 | D:1      | namelastname112 set off with: a book of Air, a +0 shortbow, 24 arrows, a potion of curing, a bread ration
     0 | D:1      | Reached XP level 1. HP: 22/22 MP: 1/1
   136 | D:1      | Reached skill level 1 in Dodging
   141 | D:1      | Reached XP level 2. HP: 28/28 MP: 2/2
   615 | D:2      | You fall through a shaft!
   625 | D:3      | Reached XP level 3. HP: 29/34 MP: 3/3
   737 | D:3      | Noticed Grinder
   747 | D:3      | Gained mutation: Your large and strong wings let you fly indefinitely. [potion of mutation]
   747 | D:3      | Gained mutation: Potions and wands are less effective at restoring your health. [potion of mutation]
   747 | D:3      | Lost mutation: Potions and wands are less effective at restoring your health. [potion of mutation]
   759 | D:3      | Identified a +1 rod of inaccuracy (12/12) (You found it on level 3 of the Dungeon)
   766 | D:3      | Found a sparkling altar of Nemelex Xobeh.
   774 | D:3      | Found a shimmering altar of Xom.
  1003 | D:2      | Found a shattered altar of Ashenzari.
  1159 | D:2      | Reached XP level 4. HP: 41/41 MP: 4/4
  1504 | D:3      | Paralysed by Grinder for 2 turns
  1511 | D:3      | Paralysed by Grinder for 2 turns
  1514 | D:3      | Paralysed by Grinder for 2 turns
  1536 | D:3      | Killed Grinder
  1536 | D:3      | Reached skill level 5 in Fighting
  1536 | D:3      | Reached XP level 5. HP: 23/50 MP: 5/5
  1536 | D:3      | Reached XP level 6. HP: 26/57 MP: 6/6
  1966 | D:4      | Found Diule's Food Boutique.
  2067 | D:4      | Found a radiant altar of Vehumet.
  2179 | D:4      | Found a glowing silver altar of Zin.
  2241 | D:4      | Got a wavering crystal amulet
  2243 | D:4      | Identified the amulet of Ysucet {rC- MR++ Regen+ Stlth+} (You found it on level 4 of the Dungeon)
  2559 | D:4      | Reached skill level 6 in Fighting
  2649 | D:5      | Entered Level 5 of the Dungeon
  2703 | D:5      | Reached XP level 7. HP: 33/63 MP: 7/7
  2703 | D:5      | Your scales start taking on a pale cyan-grey colour.
  2965 | D:5      | Found a glowing golden altar of the Shining One.
  2988 | D:5      | Found a staircase to the Ecumenical Temple.
  3091 | D:5      | Reached skill level 5 in Bows
  3142 | D:5      | Reached XP level 8. HP: 36/71 MP: 8/8
  3484 | D:5      | Noticed a gargoyle
  3532 | Temple   | Entered the Ecumenical Temple
  3703 | D:5      | Killed a gargoyle
  3703 | D:5      | Reached skill level 7 in Fighting
  3838 | D:6      | Found Feneil's Gadget Emporium.
  3877 | D:6      | Reached skill level 5 in Dodging
  4391 | D:6      | Noticed crawlian's ghost (amateur TeMo)
  4416 | D:6      | Killed crawlian's ghost
  4490 | D:7      | Got a steaming dagger
  4491 | D:7      | Identified the +7 dagger "Giarutef" {distort, *Rage MR+ Stlth+} (You found it on level 7 of the Dungeon)
  4540 | D:7      | Reached XP level 9. HP: 79/81 MP: 9/9
  4550 | D:7      | Reached skill level 8 in Fighting
  5174 | D:7      | Noticed Psyche
  5186 | D:7      | Killed Psyche
  5848 | D:7      | Found an ancient bone altar of Kikubaaqudgha.
  5944 | D:8      | Reached skill level 9 in Fighting
  5946 | D:8      | Found an opulent altar of Gozag.
  5957 | D:8      | Became a worshipper of Gozag Ym Sagoz the Greedy
  6142 | D:8      | Noticed Erica
  6184 | D:8      | HP: 1/83 [quokka (5)]
  6386 | D:8      | Killed from afar by Erica

Vault maps used:
D:1:      dpeg_arrival_brainrot
D:2:      lemuel_crystal_altar
D:3:      kennysheep_big_flooded_room, lemuel_crystal_altar,
          lemuel_crystal_altar, uniq_grinder
D:4:      kennysheep_little_box, vehumet_crystals, serial_shops, shop,
          first_bread
D:5:      lemuel_round_altar, temple_doors_e, serial_bayou, serial_bayou_ford_a,
          serial_bayou_pond_b, serial_bayou_lake_a, serial_bayou_pond_c,
          serial_park_tiny_2
D:6:      serial_shops, shop, minmay_misc_feat_room
D:7:      erik_1, kennysheep_mini
D:8:      grunt_gozag_breadcrumbs, nicolae_ru_awakened_eye, uniq_erica
Temple:   pf_slimified_temple

Action                   |  1- 3 |  4- 6 |  7- 9 || total
-------------------------+-------+-------+-------++-------
Melee: Dagger            |       |       |    97 ||    97
       Unarmed           |       |       |     2 ||     2
 Fire: Shortbow          |   118 |   129 |   299 ||   546
 Abil: Fly               |       |     1 |       ||     1
       Breathe Steam     |       |       |    12 ||    12
Evoke: Rod               |     4 |       |     4 ||     8
       Wand              |       |       |     1 ||     1
  Use: Potion            |     5 |     1 |     5 ||    11
       Scroll            |     4 |     1 |     7 ||    12
 Stab: Sleeping          |       |       |     1 ||     1
  Eat: Chunk             |       |     2 |     8 ||    10
       Fruit             |       |     3 |       ||     3
       Pizza             |       |     1 |       ||     1
       Meat ration       |       |       |     2 ||     2
       Royal jelly       |       |       |     1 ||     1
